 Dungeon Crawl Stone Soup version 0.29-a0-813-g4a14ea37d6 (webtiles) character file.

Game seed: 17209108930759894338

44 purpskrrrp the Ducker (level 3, 0/36 HPs)
             Began as a Troll Fighter on July 4, 2022.
             Slain by a goblin
             ... wielding a +0 club
             ... led by Robin
              (2 damage)
             ... on level 2 of the Dungeon.
             The game lasted 00:02:37 (614 turns).

purpskrrrp the Ducker (Troll Fighter)                Turns: 614, Time: 00:02:38

Health: 0/36       AC:  4    Str: 26    XL:     3   Next: 39%
Magic:  2/2        EV:  8    Int:  4    God:
Gold:   60         SH:  7    Dex:  9    Spells: 2/2 levels left

rFire   . . .      SeeInvis .   a - +0 flail
rCold   . . .      Faith    .   c - +0 kite shield
rNeg    . . .      Spirit   .   b - +0 robe
rPois   .          Reflect  .   (helmet restricted)
rElec   .          Harm     .   (no cloak)
rCorr   .          Rampage  .   (gloves unavailable)
Will    .....                   (boots unavailable)
Stlth   +.........              (no amulet)
HPRegen 0.92/turn               (no ring)
MPRegen 0.08/turn               (no ring)

@: mighty, hasted, very quick
A: large, unfitting armour, claws 3, regeneration 1, shaggy fur 1, tough skin 1
a: no special abilities


You were on level 2 of the Dungeon.
You visited 1 branch of the dungeon, and saw 2 of its levels.

You collected 60 gold pieces.

Inventory:

Hand Weapons
 a - a +0 flail (weapon)
Armour
 b - a +0 robe (worn)
 c - a +0 kite shield (worn)
Magical Staves
 l - a staff of death
Jewellery
 k - an amulet of magic regeneration
Scrolls
 g - a scroll of enchant weapon {unknown}
 i - 2 scrolls of teleportation {unknown}
 j - a scroll of identify {unknown}
Potions
 f - a potion of heal wounds {unknown}
 h - a potion of lignification {unknown}


   Skills:
 + Level 2.6 Fighting
 * Level 2.5 Maces & Flails
 * Level 2.9 Dodging
 + Level 2.8 Shields


You had 2 spell levels left.
You didn't know any spells.
Your spell library was empty.

Dungeon Overview and Level Annotations

Branches:
Dungeon (2/15)

Altars:

Annotations:
D:2 Robin


Innate Abilities, Weirdness & Mutations

You are too large for most types of armour.
You have claws for hands.
Your natural rate of healing is unusually fast.
You are covered in fur. (AC +1)
You have tough skin. (AC +1)


Message History

The hobgoblin closely misses you. You block the goblin's attack. x2
The goblin hits you but does no damage. The goblin closely misses you. x4
Robin completely misses you. The hobgoblin hits you.
* * * LOW HITPOINT WARNING * * *
The hobgoblin barely misses you. The goblin attacks as you move away!
The goblin completely misses you. The hobgoblin attacks as you move away!
You block the hobgoblin's attack.
The goblin unwields a +0 club.
The goblin wields a +0 sling.
The goblin shoots a sling bullet.
You block the sling bullet. The goblin hits you with a +0 dagger.
* * * LOW HITPOINT WARNING * * *
You feel very mighty all of a sudden. The goblin closely misses you.
You block the goblin's attack.
An endoplasm comes into view.
The goblin hits you but does no damage. Robin throws the goblin at you!
* * * LOW HITPOINT WARNING * * *
The goblin hits you but does no damage.
You miss the goblin. You block the goblin's attack.
The goblin barely misses you.
A hobgoblin comes into view.
Robin roars a battlecry!
The hobgoblin goes into a battle-frenzy!
The goblin hits you with a +0 dagger.
* * * LOW HITPOINT WARNING * * *
The hobgoblin hits you but does no damage.
The hobgoblin barely misses you. The goblin barely misses you.
The goblin unwields a +0 sling.
The goblin wields a +0 club.
The goblin hits you but does no damage.
You hear a shout!
It was a potion of haste.
You feel yourself speed up. The goblin hits you but does no damage.
The goblin barely misses you. The goblin hits you but does no damage.
The goblin barely misses you.
Robin hits you from afar with a +0 spear.
* * * LOW HITPOINT WARNING * * *
The hobgoblin barely misses you. You block the goblin's attack.
You closely miss the goblin. The goblin hits you with a +0 dagger.
* * * LOW HITPOINT WARNING * * *
A goblin comes into view. It is wielding a +0 dagger.
The goblin hits you with a +0 club.
You die...

..# .# !..
?.. ....
...# ###..
#...####...
#...#(...#
..##...ggg#
#.....gg@g#
####...gg.#
#..g...#
##.....#
##..g.#
##.#.#
#g..# #J.##
#..


You could see Robin, an endoplasm, 4 hobgoblins and 6 goblins.

Vanquished Creatures
  6 endoplasms (D:1)
  3 giant cockroaches (D:1)
  6 goblins
  8 hobgoblins (D:1)
  4 kobolds (D:1)
  2 quokkas (D:1)
  2 ball pythons (D:1)
  2 bats (D:1)
  A frilled lizard (D:1)
  2 rats (D:1)
36 creatures vanquished.

Notes
Turn   | Place    | Note
-------+----------+-------------------------------------------
     0 | D:1      | purpskrrrp the Troll Fighter began the quest for the Orb.
     0 | D:1      | Reached XP level 1. HP: 22/22 MP: 0/0
    57 | D:1      | Reached XP level 2. HP: 29/29 MP: 1/1
   264 | D:1      | Reached XP level 3. HP: 31/36 MP: 2/2
   330 | D:1      | Found a faded altar of an unknown god.
   601 | D:2      | Noticed Robin
   614 | D:2      | Slain by a goblin

Illustrated notes

Levels and vault maps discovered:
D:1:      scummos_arrival_forest, layout_rooms,
          hellmonk_ecumenical_altar_arch_garden
D:2:      layout_rooms, uniq_crazy_yiuf_cottage, uniq_robin

Skill      XL: |  1 |
---------------+----+-----
Maces & Flails | 2 |  2.5
Fighting       | |  2.6
Dodging        | |  2.9
Shields        | |  2.8

Action                   || total
-------------------------++-------
Melee: Flail             ||    96
  Use: Potion            ||     2
Armor: Robe              ||    58
Dodge: Dodged            ||    72
Block: Kite shield       ||    59

Table legend: (Time is in decaauts)
 A = Elapsed time spent in this place.
 B = Non-inter-level travel time spent in this place.
 C = Inter-level travel time spent in this place.
 D = Time resting spent in this place.
 E = Time spent auto-exploring this place.
 F = Levels seen in this place.
 G = Mean time per level.
                   A        B        C        D        E       F      G
               +--------+--------+--------+--------+--------+-----+--------+
         Total |    654 |    526 |    128 |      0 |    303 |   2 |  327.0 |
       Dungeon |    654 |    526 |    128 |      0 |    303 |   2 |  327.0 |
               +--------+--------+--------+--------+--------+-----+--------+

Top non-repeatable levels by time:
     D:1: 635 daAuts
     D:2: 19 daAuts
